Map: 2000 Atmospheres LE

Players

A.I. 1 (Very Easy) - Winner!

  • Race: Protoss Protoss

RustyShacky

  • Race: Terran Terran
  • League: Platinum

VOD

Have the link to the VOD?

Description

Time

  • Played on: Feb. 22, 2022, 12:10 a.m.
  • Length: 10:09
Show
View Real Time Build Order
Export as new Build Order

A.I. 1 (Very Easy) Protoss - Winner!

Build Orders: 1 Gate Expand, Nexus First 

Get SALT Encoding   

  12  0:00  Probe  
  13  0:13  Probe  
  14  0:19  Pylon  
  14  0:43  Gateway  
  14  1:00  Nexus  
  14  1:19  Pylon  
  14  1:21  Zealot  
  14  1:23  Assimilator  
  16  1:33  Probe  
  16  1:36  Cybernetics Core  
  17  1:41  Probe  
  18  1:52  Probe  
  19  2:01  Probe  
  19  2:04  Assimilator  
  19  2:07  Stalker  
  20  2:09  Probe  
  23  2:17  Warp Gate  
  23  2:21  Probe  
  24  2:28  Probe  
  25  2:35  Probe  
  26  2:55  Probe  
  26  2:57  Assimilator  
  27  3:01  Probe  
  27  3:03  Assimilator  
  28  3:06  Pylon  
  28  3:10  Probe  
  29  3:13  Probe  
  29  3:16  Robotics Facility  
  30  3:27  Zealot  
  32  3:28  Probe  
  33  3:35  Probe  
  34  3:42  Probe  
  35  3:49  Probe  
  36  3:56  Probe  
  37  4:04  Probe  
  37  4:05  Observer  
  37  4:08  Probe  
  39  4:15  Probe  
  40  4:21  Probe  
  41  4:26  Observer  
  41  4:28  Probe  
  43  4:38  Stalker  
  46  4:39  Probe  
  46  4:43  Pylon  
  47  4:47  Probe  
  48  4:54  Probe  
  49  5:01  Probe  
Show
View Real Time Build Order
Export as new Build Order

RustyShacky Terran 

Build Orders:  

Get SALT Encoding   

  12  0:00  SCV  
  13  0:12  SCV  
  14  0:18  Supply Depot  
  14  0:25  SCV  
  15  0:40  Barracks, SCV  
  16  0:45  Refinery  
  16  0:52  SCV  
  17  1:04  SCV  
  18  1:16  SCV  
  19  1:27  Marine  
  19  1:28  Orbital Command  
  20  1:42  Command Center  
  20  1:46  Barracks Reactor  
  20  1:53  SCV  
  21  1:57  Supply Depot  
  21  2:06  SCV  
  21  2:10  Factory  
  21  2:18  SCV  
  21  2:22  Marine x2  
  24  2:24  Bunker  
  24  2:30  SCV  
  24  2:32  Refinery  
  25  2:42  SCV  
  26  2:54  Orbital Command, SCV  
  26  2:56  Factory Tech Lab  
  26  2:57  Starport  
  27  3:06  SCV  
  28  3:18  SCV, Siege Tank  
  32  3:21  SCV  
  33  3:29  Supply Depot  
  33  3:30  SCV  
  33  3:33  Viking, SCV  
  37  3:35  Marine x2  
  39  3:44  Barracks  
  39  3:46  Barracks  
  39  3:49  SCV  
  39  3:50  SCV  
  39  3:54  Supply Depot  
  41  3:59  Siege Tank  
  41  4:02  SCV  
  45  4:03  SCV  
  45  4:08  Engineering Bay  
  46  4:14  Refinery, SCV  
  46  4:15  SCV  
  48  4:17  Starport Tech Lab  
  48  4:20  Supply Depot  
  48  4:24  Marine x2  
  48  4:26  SCV  
  48  4:28  SCV  
  52  4:35  Terran Infantry Weapons Level 1  
  52  4:39  SCV  
  52  4:40  Factory Tech Lab  
  52  4:41  SCV  
  52  4:43  Supply Depot  
  52  4:44  Marine x3  
  57  4:45  Marine  
  57  4:48  Stimpack  
  57  4:52  SCV  
  59  4:54  SCV  
  60  5:01  Siege Tank  
  60  5:02  Marine x3  
  60  5:03  Marine  
  67  5:07  SCV  
  67  5:08  SCV  
  67  5:10  Supply Depot, Combat Shield  
  69  5:17  Engineering Bay  
  69  5:18  Starport Reactor  
  69  5:22  SCV  
  69  5:23  Refinery  
  69  5:24  Marine x3  
  69  5:26  Marine  
  74  5:32  Supply Depot  
  74  5:35  Supply Depot, Siege Tank  
  77  5:48  Command Center  
  77  5:49  Marauder  
  79  5:51  Marauder  
  79  5:54  Terran Infantry Armor Level 1  
  81  5:57  Supply Depot  
  81  6:01  Marine x2  
  83  6:06  Supply Depot  
  83  6:10  Armory  
  83  6:11  SCV x2  
  83  6:17  Barracks  
  85  6:19  Barracks  
  85  6:23  Siege Tank  
  88  6:28  Supply Depot  
  88  6:29  Concussive Shells  
  88  6:34  Marauder  
  88  6:35  Marauder  
  88  6:38  Medivac  
  94  6:41  Medivac  
  96  6:50  Marine x2  
  96  6:53  Supply Depot x2  
  98  7:05  SCV x2  
  98  7:07  Barracks Tech Lab, Barracks Reactor  
  98  7:08  Marine x2, Marauder x2  
  104  7:10  Siege Tank  
  109  7:17  SCV x2  
  109  7:18  Supply Depot  
  109  7:20  Supply Depot, Medivac  
  109  7:22  Orbital Command  
  113  7:28  Marine x2, Marauder  
  113  7:29  SCV  
  118  7:33  Marauder  
  118  7:34  Marauder  
  118  7:35  SCV  
  123  7:38  Terran Infantry Weapons Level 2  
  123  7:44  Terran Vehicle Weapons Level 1  
  123  7:45  SCV  
  123  7:48  SCV  
  123  7:49  Refinery, SCV  
  123  7:50  Refinery  
  126  7:58  Supply Depot  
  126  7:59  Marine x2, Siege Tank  
  126  8:00  Marine x3  
  126  8:02  Marine  
  126  8:03  Marine  
  136  8:05  SCV x2  
  136  8:06  SCV  
  136  8:12  Medivac  
  141  8:14  Medivac  
  141  8:17  SCV  
  141  8:18  SCV x2  
  141  8:19  Marine x5  
  148  8:20  Marine  
  148  8:26  Supply Depot  
  152  8:30  Marauder, SCV  
  152  8:31  SCV  
  156  8:36  Siege Tank  
  159  8:43  SCV x2  
  159  8:44  Marauder x2  
  159  8:45  Marine x2  
  167  8:51  Marauder  
  167  8:55  SCV x3  
  172  8:56  Supply Depot  
  172  9:00  Medivac  
  174  9:06  Marauder x2  
  174  9:08  Medivac, Siege Tank  
  174  9:09  Marine x4, Supply Depot  
  187  9:12  Marauder  
  189  9:21  Command Center  
  189  9:27  Marauder  
  189  9:28  Marine x4, Marauder  
  197  9:34  Marauder  
  199  9:55  Factory  
  199  9:56  Barracks  
Tags
 
Add a new tag
Caveats
  • Supply blocks, unpowered buildings, or Contaminate may cause inaccurate times.
  • Supply counts are checked every 10 seconds.